 Dungeon Crawl Stone Soup version 0.28.0-53-g5a82cb258f (webtiles) character file.

Game seed: 2370312717011758796

3213 DocClef the Grappler (level 9, -7/76 HPs)
             Began as a Troll Hunter on July 9, 2022.
             Was an Elder of Wu Jian.
             Mangled by a six-headed hydra (11 damage)
             ... on level 1 of the Lair of Beasts.
             The game lasted 00:08:11 (5947 turns).

DocClef the Grappler (Troll Hunter)                 Turns: 5947, Time: 00:08:11

Health: -7/76      AC:  4    Str: 26    XL:     9   Next: 65%
Magic:  8/8        EV: 13    Int:  7    God:    Wu Jian [****..]
Gold:   426        SH:  0    Dex: 10    Spells: 8/8 levels left

rFire   . . .      SeeInvis +     - Unarmed
rCold   . . .      Faith    .   (no shield)
rNeg    . . .      Spirit   .   b - +0 robe
rPois   .          Reflect  .   (helmet restricted)
rElec   .          Harm     .   (no cloak)
rCorr   .          Rampage  .   (gloves unavailable)
Will    .....                   (boots unavailable)
Stlth   +.........              (no amulet)
HPRegen 1.02/turn               u - +4 ring of evasion
MPRegen 0.11/turn               f - ring of see invisible

@: no status effects
A: large, unfitting armour, claws 3, regeneration 1, shaggy fur 1, tough skin 1
a: Renounce Religion, Wall Jump, Serpent's Lash


You were on level 1 of the Lair of Beasts.
You worshipped Wu Jian.
Wu Jian was greatly pleased with you.
You visited 2 branches of the dungeon, and saw 9 of its levels.

You collected 426 gold pieces.

Inventory:

Hand Weapons
 a - a +0 short sword
Missiles
 c - 2 large rocks (quivered)
 d - a throwing net
 k - 2 javelins
Armour
 b - a +0 robe (worn)
Jewellery
 f - a ring of see invisible (right claw)
 u - a +4 ring of evasion (left claw)
 v - a +6 ring of dexterity
 w - a +6 ring of strength
 z - a +6 ring of dexterity
 B - an amulet of magic regeneration
Wands
 h - a wand of digging (3)
 y - a wand of flame (14)
Scrolls
 e - 4 scrolls of fear {unknown}
 m - 4 scrolls of noise {unknown}
 n - 3 scrolls of vulnerability {unknown}
 p - a scroll of magic mapping {unknown}
 r - 2 scrolls of identify {unknown}
 t - 2 scrolls of enchant weapon {unknown}
 x - a scroll of fog {unknown}
 A - a scroll of enchant armour {unknown}
 C - a scroll of teleportation {unknown}
Potions
 g - 2 potions of berserk rage {unknown}
 i - 2 potions of might {unknown}
 j - 2 potions of attraction {unknown}
 l - a potion of lignification {unknown}
 o - a potion of magic {unknown}
 q - 3 potions of curing


   Skills:
 + Level 1.5 Fighting
 - Level 3.6 Throwing
 - Level 1.5 Dodging
 - Level 0.3 Stealth
 - Level 13.4 Unarmed Combat


You had 8 spell levels left.
You didn't know any spells.
Your spell library contained the following spells:

 Spells                   Type           Power      Damage    Failure   Level
 Magic Dart               Conj           0%         1d3       43%         1
 Sandblast                Erth           0%         2d4       43%         1
 Call Imp                 Summ           0%         N/A       56%         2
 Passwall                 Tmut/Erth      0%         N/A       56%         2
 Mephitic Cloud           Conj/Pois/Air  0%         N/A       80%         3
 Stone Arrow              Conj/Erth      0%         3d7       80%         3


Dungeon Overview and Level Annotations

Branches:
Dungeon (8/15)             Temple (0/1) D:6            Lair (1/6) D:8

Altars:
Dithmenos
Elyvilon
Makhleb
Sif Muna
Uskayaw
Wu Jian
Xom
Yredelemnul
Zin
The Shining One

Shops:
D:2 :   D:7 [


Innate Abilities, Weirdness & Mutations

You are too large for most types of armour.
You have claws for hands.
Your natural rate of healing is unusually fast.
You are covered in fur. (AC +1)
You have tough skin. (AC +1)


Message History

A six-headed hydra is nearby!
Throw: dart (curare)
Press: ? - help, Shift-Dir - straight line, f - six-headed hydra
Aim: a six-headed hydra (76% to hit)
You throw a curare-tipped dart.
The curare-tipped dart barely misses the six-headed hydra.
Throw: 5 large rocks
Press: ? - help, Shift-Dir - straight line, f/p - six-headed hydra
Aim: a six-headed hydra (76% to hit)
You throw a large rock.
The large rock barely misses the six-headed hydra.
Throw: 2 throwing nets
Press: ? - help, Shift-Dir - straight line, f/p - six-headed hydra
Aim: a six-headed hydra (76% to hit, immune to nets)
You throw a throwing net.
The throwing net barely misses the six-headed hydra.
Throw: 4 large rocks
Press: ? - help, Shift-Dir - straight line, f/p - six-headed hydra
Aim: a six-headed hydra (76% to hit)
You throw a large rock.
The large rock barely misses the six-headed hydra.
The six-headed hydra bites you.
The six-headed hydra completely misses you.
The six-headed hydra bites you! x4
Throw: 3 large rocks
Press: ? - help, Shift-Dir - straight line, f/p - six-headed hydra
Aim: a six-headed hydra (76% to hit)
You throw a large rock.
The large rock completely misses the six-headed hydra.
The six-headed hydra bites you!
* * * LOW HITPOINT WARNING * * *
The six-headed hydra bites you!
* * * LOW HITPOINT WARNING * * *
The six-headed hydra closely misses you. x2
The six-headed hydra bites you.
* * * LOW HITPOINT WARNING * * *
The six-headed hydra bites you.
* * * LOW HITPOINT WARNING * * *
The six-headed hydra misses you. The six-headed hydra bites you!
You die...

#..... ##..#. #..##
#..## ### ##..##
.##..#### #.....
......#.###### ##....
........#.##.######P..P#
.......@..........#..###
.......D#####.......## #
........## #.###..#..# #
........P# ### ###..## #
........## ##.#
.........# #.##
.........# ##..# #
......(((##### #...###
...≈≈≈≈≈≈.##.### ###....


You could see a six-headed hydra.

Vanquished Creatures
  Sigmund (D:2)
  3 yaks (D:8)
  Eustachio (D:5)
  Duvessa (D:4)
  2 orc warriors
  2 sky beasts
  A black bear (D:8)
  A necrophage (D:5)
  2 ogres
  A phantom (D:5)
  2 centaurs
  Blork the orc (D:4)
  3 kobold brigands
  A bullfrog (Lair:1)
  Dowan (D:4)
  3 wights
  A howler monkey (D:3)
  A crimson imp (D:4)
  2 bullfrog zombies (D:5)
  2 centaur zombies
  5 hounds
  3 orc priests
  Natasha (twice) (D:2)
  7 orc wizards
  A scorpion zombie (D:5)
  A howler monkey zombie (D:6)
  A howler monkey skeleton (D:6)
  7 adders
  2 shadow imps
  A white imp (D:5)
  An ufetubus (D:4)
  An adder skeleton (D:4)
  A worm (D:3)
  25 orcs
  7 bats
  8 endoplasms
  A giant cockroach (D:2)
  6 goblins
  9 hobgoblins
  2 jackals (D:5)
  16 kobolds
  2 quokkas
  8 ball pythons
  4 frilled lizards
  3 rats
156 creatures vanquished.

Vanquished Creatures (others)
  2 fungi (Lair:1)
  A plant (Lair:1)
3 creatures vanquished.

Grand Total: 159 creatures vanquished

Notes
Turn   | Place    | Note
-------+----------+-------------------------------------------
     0 | D:1      | DocClef the Troll Hunter began the quest for the Orb.
     0 | D:1      | Reached XP level 1. HP: 19/19 MP: 0/0
   145 | D:1      | Reached skill level 1 in Unarmed Combat
   221 | D:1      | Reached XP level 2. HP: 16/27 MP: 1/1
   222 | D:1      | Found a faded altar of an unknown god.
   230 | D:1      | Prayed at the altar of an unknown god.
   230 | D:1      | Became a worshipper of the Wu Jian Council
   230 | D:1      | Reached * piety under Wu Jian
   368 | D:1      | Reached skill level 2 in Unarmed Combat
   714 | D:2      | Found Ymmigeh's Book Boutique.
   753 | D:2      | Reached XP level 3. HP: 32/33 MP: 2/2
   800 | D:2      | Noticed Natasha
   805 | D:2      | Killed Natasha
   806 | D:2      | Reached skill level 3 in Unarmed Combat
   884 | D:2      | Reached ** piety under Wu Jian
   889 | D:2      | Reached XP level 4. HP: 41/41 MP: 3/3
  1112 | D:2      | Noticed Sigmund
  1122 | D:2      | Killed Sigmund
  1123 | D:2      | Reached skill level 5 in Unarmed Combat
  1123 | D:2      | Reached XP level 5. HP: 21/48 MP: 4/4
  1221 | D:2      | Noticed Natasha
  1227 | D:2      | Killed Natasha
  1228 | D:2      | Reached XP level 6. HP: 48/55 MP: 5/5
  1370 | D:3      | Reached skill level 6 in Unarmed Combat
  2196 | D:4      | Noticed Blork the orc
  2202 | D:4      | Killed Blork the orc
  2449 | D:4      | Noticed Duvessa
  2450 | D:4      | Noticed Dowan
  2457 | D:4      | Killed Duvessa
  2458 | D:4      | Reached skill level 7 in Unarmed Combat
  2458 | D:4      | Reached XP level 7. HP: 54/62 MP: 6/6
  2464 | D:4      | Killed Dowan
  2552 | D:4      | Reached skill level 8 in Unarmed Combat
  2636 | D:4      | Found a burning altar of Makhleb.
  2642 | D:4      | Reached *** piety under Wu Jian
  2645 | D:4      | Found a shimmering altar of Xom.
  2748 | D:4      | Found a shadowy altar of Dithmenos.
  2757 | D:4      | Found a glowing golden altar of the Shining One.
  2972 | D:5      | Entered Level 5 of the Dungeon
  3012 | D:5      | Found a glowing silver altar of Zin.
  3077 | D:5      | Reached skill level 9 in Unarmed Combat
  3153 | D:5      | Reached XP level 8. HP: 67/70 MP: 7/7
  3254 | D:5      | Found a white marble altar of Elyvilon.
  3260 | D:5      | Found a hide-covered altar of Uskayaw.
  3534 | D:5      | Noticed Eustachio
  3541 | D:5      | Killed Eustachio
  3542 | D:5      | Reached skill level 10 in Unarmed Combat
  3789 | D:6      | Found a staircase to the Ecumenical Temple.
  3878 | D:5      | Reached skill level 11 in Unarmed Combat
  3924 | D:6      | Reached **** piety under Wu Jian
  3994 | D:6      | Found a shimmering blue altar of Sif Muna.
  4299 | D:6      | Found a basalt altar of Yredelemnul.
  4305 | D:6      | Reached XP level 9. HP: 76/76 MP: 8/8
  5077 | D:7      | Found Cenla's Armour Shoppe.
  5186 | D:8      | Reached skill level 12 in Unarmed Combat
  5426 | D:8      | Found a staircase to the Lair.
  5452 | D:8      | Reached skill level 13 in Unarmed Combat
  5730 | Lair:1   | Entered Level 1 of the Lair of Beasts
  5941 | Lair:1   | Noticed a six-headed hydra
  5947 | Lair:1   | Mangled by a six-headed hydra

Illustrated notes

Levels and vault maps discovered:
D:1:      wander_arrival_fairy_ring, layout_loops_ring,
          dreamdust_ecumenical_altar_sealed_demon, kennysheep_flooded_box,
          feat_on_display
D:2:      layout_basic, serial_shops, shop, uniq_sigmund, uniq_natasha
D:3:      layout_loops_corners, mrwooster_statue_mirror
D:4:      layout_loops_ring, grunt_temple_overflow_champion_of_chaos,
          mainiacjoe_overflow_swirl, uniq_blork_the_orc, uniq_duvessa
D:5:      layout_gridville, mainiacjoe_overflow_catwalk_spiral,
          mainiacjoe_overflow_concentric_impassable, uniq_eustachio
D:6:      layout_rooms, mainiacjoe_overflow_24_doors, general_overflow_altar,
          minmay_temple_entry_statues_pillars,
          nicolae_concentric_dashed_squares_wild, chequers_arboretum,
          feat_on_display
D:7:      layout_basic, serial_shops, kennysheep_little_box,
          nicolae_concentric_dashed_squares_mild, ldierk_geyser
D:8:      layout_basic, lair_entry_dummy
Lair:1:   layout_cave_pods, nzn_masters_of_martial_movement, grunt_megastairs_3,
          infiniplex_staircase_pool_2

Skill      XL: |  1  2  3  4  5  6  7  8  9 |
---------------+----------------------------+-----
Unarmed Combat | 1 2 3 5 7 9 11 13 | 13.4
Fighting       | |  1.5
Throwing       | |  3.6
Dodging        | |  1.5
Stealth        | |  0.3

Action                   |  1- 3 |  4- 6 |  7- 9 || total
-------------------------+-------+-------+-------++-------
Melee: Unarmed           |    66 |    89 |   273 ||   428
       Punch             |     1 |     5 |    13 ||    19
Throw: Large rock        |       |       |     4 ||     4
       Dart              |       |       |     1 ||     1
       Throwing net      |       |       |     1 ||     1
Invok: Lunge             |     7 |    11 |    26 ||    44
       Whirlwind         |     1 |       |     5 ||     6
 Stab: Sleeping          |     1 |     3 |       ||     4
Armor: Robe              |    16 |    17 |    42 ||    75
Dodge: Dodged            |    22 |    23 |   114 ||   159
